[Event "*** SCC Grand Prix: Titled Tuesday Blitz"]
[Site "Chess.com"]
[Date "2020.09.29"]
[Round "1"]
[White "ChelsieMonica"]
[Black "Harsha_Bharathakoti"]
[Result "0-1"]
[WhiteElo "2385"]
[BlackElo "2760"]
[TimeControl "180+1"]
[EndTime "10:07:36 PDT"]
[Termination "Harsha_Bharathakoti won by resignation"]

1. c4 f5 2. Nf3 Nf6 3. g3 g6 4.
Bg2 Bg7 5. O-O O-O 6. Nc3 d6 7. d4 Qe8 8. d5 Na6 9. Be3 Bd7 10. Rc1 c6 11. Nd4 Ng4 12. Qd2 Nxe3 13. Qxe3 Nc7 14. b4 e5 15. Nb3 e4 16. Rfd1 Qe5 17. Na5 Rfb8 18. a3 Be8 19. dxc6 bxc6 20. Qf4 Ne6 21. Qxe5 Bxe5 22. e3 Kf8 23. Bf1 Ke7 24. Be2 Rc8 25. Kg2 Rab8 26. h4 Bf7 27. b5 Bxc3 28. Nxc6+ Rxc6 29. bxc6 Be5 30. Rb1 Rc8 31. Rb7+ Kf6 32. c5 Nxc5 33. Rxa7 Rxc6 34. Rb1 Nd3 35. Rbb7 Bd5 36. Rc7 Rb6 37. Rxh7 Rb2 38. Bxd3 exd3+ 39. Kh3 d2 40. e4 fxe4 41. g4 Rb3+ 42. Kg2 d1=Q 43.
g5+ Kf5 44. Raf7+ Bxf7 45. Rxf7+ Kg4 0-1

[Event "*** SCC Grand Prix: Titled Tuesday Blitz"]
[Site "Chess.com"]
[Date "2020.09.29"]
[Round "1"]
[White "tteshan"]
[Black "belisarius64"]
[Result "0-1"]
[WhiteElo "2350"]
[BlackElo "2686"]
[TimeControl "180+1"]
[EndTime "10:07:36 PDT"]
[Termination "belisarius64 won by resignation"]

1. e4 c5 2. Nf3 d6 3. d4 cxd4 4. Nxd4 Nf6 5. f3 e6 6. c4 Nc6 7.
Be3 Be7 8. Nc3 O-O 9. Be2 d5 10. exd5 exd5 11. Nxc6 bxc6 12. O-O Be6 13. Qa4 d4 14.
Rad1 c5 15. Nb5 Bd7 16. Bf4 a6 17. Qc2 axb5 18. cxb5 Rxa2 19. Bc4 Ra8 20. Rfe1 Be6 21. Bxe6 fxe6 22. Rxe6 Nd5 23. Bg3 Qd7 24. Qe4 Bf6 25.
Rd6 Qxb5 26. Qxd5+ Kh8 27. h4 Qxb2 28. h5 Ra2 29. f4 Ra3 30. Bf2 Ra1 31. Rxa1 Qxa1+ 32. Kh2 Qf1 33. Bg3 c4 34. h6 c3 35. hxg7+ Bxg7 36. Rd8 h6 37. Rxf8+ Bxf8 38. Qxd4+ Bg7 39.
Qd8+ Kh7 40. Qc8 Qb1 41. Qxc3 Bxc3 0-1

[Event "*** SCC Grand Prix: Titled Tuesday Blitz"]
[Site "Chess.com"]
[Date "2020.09.29"]
[Round "1"]
[White "MateusViageiro"]
[Black "Maghalashvili"]
[Result "0-1"]
[WhiteElo "2354"]
[BlackElo "2696"]
[TimeControl "180+1"]
[EndTime "10:07:37 PDT"]
[Termination "Maghalashvili won by resignation"]

1. e4 c5 2. Nf3 d6 3. d4 cxd4 4. Nxd4 Nf6 5. Nc3 a6 6. f3 e5 7.
Nb3 Be6 8. Be3 h5 9. Qd2 Nbd7 10. O-O-O Rc8 11. Kb1 Nb6 12. Bxb6 Qxb6 13. Be2 Be7 14. Rhg1 Qc7 15. h3 h4 16. f4 exf4 17. Qxf4 b5 18. Bd3 b4 19. Ne2 Nh5 20. Qf2 Bc4 21. Rgf1 O-O 22. Ned4 Ng3 23. Rfe1 Bf6 24. Nf5 Nxf5 25.
exf5 d5 26. Bf1 a5 27. Bxc4 dxc4 28. Nd4 a4 29. Nb5 Qa5 30. Nd6 Rc6 31. Ne4 Qe5 32.
Nxf6+ Qxf6 33. Qd4 Qxf5 34. Qxh4 b3 35. Qe4 Qb5 36.
cxb3 axb3 37. a3 c3 38. bxc3 Rxc3 39. Qb4 Qf5+ 40. Ka1 Qf6 41. Qd4 Rc1+ 42. Kb2 Qxd4+ 43. Rxd4 Rxe1 44. Kxb3 Re2 45. g4 Re3+ 0-1

[Event "*** SCC Grand Prix: Titled Tuesday Blitz"]
[Site "Chess.com"]
[Date "2020.09.29"]
[Round "1"]
[White "Aleksey_Sorokin"]
[Black "RaphCamora"]
[Result "1-0"]
[WhiteElo "2822"]
[BlackElo "2406"]
[TimeControl "180+1"]
[EndTime "10:07:38 PDT"]
[Termination "Aleksey_Sorokin won on time"]

1. d4 Nf6 2. c4 g6 3. Nc3 Bg7 4. e4 d6 5. Nf3 O-O 6. Be2 c5 7. d5 Na6 8. O-O e5 9. Ne1 Ne8 10. Nd3 f5 11. a3 Nf6 12. exf5 gxf5 13. b4 b6 14. bxc5 bxc5 15. Bg5 h6 16. Bh4 Bd7 17.
Rb1 Rb8 18. Qd2 Ne4 19. Nxe4 Qxh4 20. Nxd6 e4 21. Nf4 Be5 22. g3 Qf6 23. Nb5 Bxb5 24.
cxb5 Nc7 25. Bc4 Qd6 26. a4 Kh7 27. Rfd1 Rg8 28. Kh1 Rg4 29. Ng2 Rf8 30. Qe2 Bd4 31. a5 Rg5 32. Nf4 Be5 33. b6 axb6 34. Rxb6 Bxf4 35.
Rxd6 Bxd6 36. f4 exf3 37. Qxf3 f4 38. Qe4+ Kg8 39. Bd3 Rg7 40. a6 fxg3 41. hxg3 Bxg3 42. d6 Rf2 43. Bc4+ Kh8 44. dxc7 Rh2+ 45. Kg1 Bxc7+ 46. Kf1 1-0

[Event "*** SCC Grand Prix: Titled Tuesday Blitz"]
[Site "Chess.com"]
[Date "2020.09.29"]
[Round "1"]
[White "Sethu0025"]
[Black "DishonorOnYourCow"]
[Result "1-0"]
[WhiteElo "2767"]
[BlackElo "2389"]
[TimeControl "180+1"]
[EndTime "10:07:39 PDT"]
[Termination "Sethu0025 won on time"]

1. d4 Nf6 2. c4 g6 3. Nc3 d5 4.
cxd5 Nxd5 5. e4 Nxc3 6. bxc3 Bg7 7. Be3 c5 8. Nf3 Qa5 9. Qd2 O-O 10. Rb1 Rd8 11. Rb5 Qa3 12. Rxc5 Qxc5 13. dxc5 Rxd2 14. Kxd2 Be6 15. Nd4 Bxa2 16. Bd3 e5 17. Nb5 Nd7 18.
Ra1 Be6 19. Nc7 Rc8 20. Nxe6 fxe6 21. Rxa7 Bf8 22. Bc4 Rc7 23. Bxe6+ Kg7 24. Bxd7 Rxd7+ 25. Kc2 Rc7 26. Kd3 Kf6 27. Ra5 h5 28. Rb5 Ke6 29. Kc4 Be7 30. Rb6+ Kf7 31. Kd5 Bf6 32. f3 Bd8 33. Rb5 Rd7+ 34. Kc4 Ke6 35. Rb6+ Bxb6 36. cxb6 Kd6 37. Kb5 Rd8 38. c4 Rc8 39. c5+ Ke6 40. Bd2 Rc6 41. Bc3 Rc8 42. Bd2 Rc6 43. Be3 Rc8 44.
g3 Rc6 45. f4 Rc8 46. Kc4 Rc6 47. Kd3 Rc8 48. fxe5 Kxe5 49. Bf4+ Ke6 50. Kd4 Ra8 51.
c6 bxc6 52. b7 Ra4+ 53. Kc5 Ra5+ 54. Kxc6 Ra1 55. b8=Q 1-0

[Event "*** SCC Grand Prix: Titled Tuesday Blitz"]
[Site "Chess.com"]
[Date "2020.09.29"]
[Round "1"]
[White "Nachsueb"]
[Black "Gerodot71"]
[Result "0-1"]
[WhiteElo "1983"]
[BlackElo "2469"]
[TimeControl "180+1"]
[EndTime "10:07:39 PDT"]
[Termination "Gerodot71 won by resignation"]

1. c4 e5 2. Nc3 Nf6 3. g3 c6 4.
Bg2 d5 5. cxd5 cxd5 6. d4 e4 7. e3 Nc6 8. Nge2 Be7 9. O-O h5 10. f3 exf3 11. Bxf3 h4 12. e4 Be6 13. Bf4 Qd7 14.
exd5 Nxd5 15. Nxd5 Bxd5 16. Nc3 Bxf3 17. Qxf3 hxg3 18.
Bxg3 O-O 19. d5 Nd4 20. Qd3 Bc5 21. Kh1 g6 22. Be5 Nf5 23. Ne4 Be7 24. Qh3 f6 25. Qg4 fxe5 26. Qxg6+ Ng7 27. Rg1 Bd8 28. Raf1 Rxf1 29.
Rxf1 Qxd5 30. h4 Bxh4 31. Rg1 Qf7 32. Qg4 Be7 33. Ng3 Rf8 34. Rf1 Qe6 35. Rxf8+ Bxf8 36. Qe4 Qe7 37. Kg2 Qc7 38. Kh2 Qc6 39. Qg4 Qc2+ 40. Kh3 Be7 41. Qg6 Qxg6 0-1

[Event "*** SCC Grand Prix: Titled Tuesday Blitz"]
[Site "Chess.com"]
[Date "2020.09.29"]
[Round "1"]
[White "DrMamaliga"]
[Black "Beltraxtor"]
[Result "1/2-1/2"]
[WhiteElo "2292"]
[BlackElo "2580"]
[TimeControl "180+1"]
[EndTime "10:07:40 PDT"]
[Termination "Game drawn - insufficient material"]

1. c4 c6 2. Nc3 d5 3. e3 Nf6 4.
Nf3 g6 5. d4 Bg7 6. Be2 O-O 7.
O-O Ne4 8. Nxe4 dxe4 9. Nd2 f5 10. b4 e5 11. d5 Kh8 12. Qb3 Nd7 13. Bb2 cxd5 14.
cxd5 Nb6 15. Rfd1 Qxd5 16. Nc4 Qf7 17. Bxe5 Be6 18. Bxg7+ Qxg7 19. Rac1 Rac8 20. Rd4 Nxc4 21. Bxc4 Rxc4 22. Rdxc4 b5 23. Rc7 Bxb3 24. Rxg7 Kxg7 25. axb3 Rd8 26. Rc7+ Kh6 27. g4 Rd3 28. gxf5 gxf5 29. Rxa7 Rxb3 30. Rb7 Rxb4 31. Kg2 Rb2 32. Kg3 b4 33. h4 Kg6 34. f3 b3 35. fxe4 fxe4 36.
Kf4 Rh2 37. Rb6+ Kh5 38. Kxe4 b2 39. Kf4 Rxh4+ 40. Kg3 Rg4+ 41. Kf3 Rg6 42. Rxb2 Kh6 43. Rh2+ Kg7 44. Rg2 Rxg2 45. Kxg2 Kf6 46. Kh3 Ke5 47. Kh4 Ke4 48. Kh5 Kxe3 49. Kh6 Kd3 50. Kxh7 1/2-1/2

[Event "*** SCC Grand Prix: Titled Tuesday Blitz"]
[Site "Chess.com"]
[Date "2020.09.29"]
[Round "1"]
[White "Mazetovic"]
[Black "katchesskat"]
[Result "0-1"]
[WhiteElo "2544"]
[BlackElo "2260"]
[TimeControl "180+1"]
[EndTime "10:07:40 PDT"]
[Termination "katchesskat won on time"]

1. e4 c5 2. Nf3 e6 3. c4 a6 4. Nc3 Qc7 5. d4 cxd4 6. Nxd4 b6 7. Be2 Bb7 8. f4 d6 9. O-O Nf6 10. Bf3 Nbd7 11. Be3 Be7 12. Rc1 Rc8 13. g4 h6 14.
b3 O-O 15. h4 Nh7 16. g5 Kh8 17. g6 fxg6 18. Nxe6 Qb8 19. Nxf8 Rxf8 20. Nd5 Bxh4 21. Kg2 Qe8 22. Qd3 Nc5 23. Bxc5 bxc5 24. Rh1 Bd8 25. Rce1 g5 26. e5 gxf4 27. e6 Bxd5 28. cxd5 Bf6 29. Bh5 Qa8 30. e7 f3+ 31. Kf1 Bxe7 32. Rxe7 Qd8 33.
Qe3 Nf6 34. Bg6 Ng4 35. Qe6 Qa5 36. Qxg4 Qd2 37. Qe4 Qg2+ 38. Ke1 Qxh1+ 39. Kd2 Qh2+ 40. Kc3 f2 41. Re8 Qg3+ 42. Kb2 f1=Q 43. Qe7 Qe5+ 0-1

[Event "*** SCC Grand Prix: Titled Tuesday Blitz"]
[Site "Chess.com"]
[Date "2020.09.29"]
[Round "1"]
[White "Angel_Hranitel_37"]
[Black "PetrolulSah"]
[Result "1-0"]
[WhiteElo "2524"]
[BlackElo "2182"]
[TimeControl "180+1"]
[EndTime "10:07:40 PDT"]
[Termination "Angel_Hranitel_37 won on time"]

1. d4 d5 2. c4 c6 3. cxd5 cxd5 4. Bg5 Nc6 5. Nc3 h6 6. Bh4 g5 7.
Bg3 Nf6 8. e3 a6 9. Bd3 e6 10.
Nf3 Bb4 11. Rc1 Qa5 12. Qb3 Ne4 13. Bxe4 dxe4 14. Nd2 f5 15. Nc4 Qd8 16. a3 Be7 17. Nb6 Ra7 18. d5 exd5 19. Nxc8 Qxc8 20. Nxd5 Qd7 21.
Nc7+ Kf8 22. Ne6+ Ke8 23. O-O Na5 24. Qb6 Nc6 25. Rfd1 Qxe6 26. Rxc6 Qxc6 27. Qxa7 Kf7 28. h4 Rd8 29. Rxd8 Bxd8 30. hxg5 hxg5 31. Qd4 Bf6 32. Be5 Qc1+ 33. Kh2 Bxe5+ 34. Qxe5 Qc8 35. g4 fxg4 36. Qxg5 Qc7+ 37. Kg2 Qd7 38. Kg3 Qd6+ 39. Qf4+ 1-0

[Event "*** SCC Grand Prix: Titled Tuesday Blitz"]
[Site "Chess.com"]
[Date "2020.09.29"]
[Round "1"]
[White "JuliaEfremova"]
[Black "theblitzchamp"]
[Result "1-0"]
[WhiteElo "2338"]
[BlackElo "2630"]
[TimeControl "180+1"]
[EndTime "10:07:41 PDT"]
[Termination "JuliaEfremova won by checkmate"]

1. e4 c6 2. d4 d5 3. exd5 cxd5 4. Bd3 Nc6 5. Nf3 Nf6 6. O-O Bg4 7. c3 e6 8. Bf4 Bd6 9. Bxd6 Qxd6 10. Nbd2 O-O 11. Re1 Rfe8 12. Qb3 Rab8 13. Ne5 Bf5 14. Bxf5 exf5 15.
Ndf3 Ne4 16. Qa4 b5 17. Qd1 Na5 18. Nd3 Nc4 19. Rb1 h6 20. Nfe5 a5 21. Qh5 Qf6 22. Nd7 Qd6 23. Nxb8 Rxb8 24. Qxf5 g6 25. Qf4 Qb6 26. Qxh6 Rd8 27. Qh4 Rc8 28. Ne5 Ncd2 29.
Rbd1 Nc4 30. Qf4 Qe6 31. Nxc4 bxc4 32. f3 g5 33. Qc1 f6 34. fxe4 dxe4 35. Qe3 Re8 36.
d5 Qd6 37. Qd4 f5 38. Qxc4 e3 39. Qd4 f4 40. c4 g4 41. c5 Qh6 42. d6 g3 43. h3 f3 44. Qd5+ Kh8 45. gxf3 Qxh3 46.
Qd4+ Kh7 47. Qd3+ Kh6 48. Qe2 g2 49. Qxg2 Qe6 50. d7 Rg8 51. Rd6 Rxg2+ 52. Kxg2 Kg5 53.
Rxe6 Kf4 54. d8=Q a4 55. R1xe3 a3 56. R6e4+ Kf5 57. Qf8+ Kg6 58. Rg4+ Kh5 59. Qh8# 1-0

[Event "*** SCC Grand Prix: Titled Tuesday Blitz"]
[Site "Chess.com"]
[Date "2020.09.29"]
[Round "1"]
[White "gumimis"]
[Black "Iskusnyh"]
[Result "0-1"]
[WhiteElo "2214"]
[BlackElo "2541"]
[TimeControl "180+1"]
[EndTime "10:07:42 PDT"]
[Termination "Iskusnyh won by checkmate"]

1. e4 e6 2. d4 d5 3. Nc3 Nf6 4. e5 Nfd7 5. f4 c5 6. Nf3 Nc6 7. Be3 Rb8 8. Be2 Qa5 9. O-O b5 10. a3 b4 11. axb4 Qxb4 12. Na4 cxd4 13. Nxd4 Nxd4 14.
Bxd4 Be7 15. f5 exf5 16. c3 Qb7 17. Rxf5 O-O 18. Bd3 g6 19. Rf3 Qc6 20. Qd2 Nc5 21. Nxc5 Bxc5 22. Rf6 Be6 23. Ra6 Bxd4+ 24. cxd4 Qb7 25.
Qh6 Qxb2 26. Raxe6 Qxd4+ 27. Kh1 Qxd3 28. Rxg6+ fxg6 29. h3 Qf5 30. Re7 Qf1+ 31. Kh2 Qf4+ 32. Qxf4 Rxf4 33. Rxa7 Rf2 34. e6 Re2 35. e7 Re8 36. Rd7 R8xe7 37. Rxd5 Kg7 38. h4 h5 39. Kh3 R2e3+ 40. g3 Re2 41. Rd6 Rf2 42. Rd4 Ree2 43. Rf4 Rh2# 0-1

[Event "*** SCC Grand Prix: Titled Tuesday Blitz"]
[Site "Chess.com"]
[Date "2020.09.29"]
[Round "1"]
[White "ChessSkool"]
[Black "Loy_Konstantin"]
[Result "1-0"]
[WhiteElo "2699"]
[BlackElo "2353"]
[TimeControl "180+1"]
[EndTime "10:07:43 PDT"]
[Termination "ChessSkool won by checkmate"]

1. Nf3 c5 2. e3 Nf6 3. c4 d5 4. cxd5 Nxd5 5. b3 Nc6 6. Bb2 Nf6 7. Nc3 e6 8. Bb5 Bd7 9. O-O Be7 10. Rc1 a6 11. Bxc6 Bxc6 12. Ne5 Rc8 13. Nxc6 Rxc6 14. Qc2 O-O 15. Rfd1 Qc8 16. Ne2 Rd8 17. d3 Nd5 18. a3 Bf6 19. Bxf6 Nxf6 20. Ng3 Qc7 21. h3 Qa5 22.
Qb2 Rdc8 23. Rc2 Qc7 24. Rdc1 Qd6 25. Qc3 Rd8 26. Rd2 Rdc8 27. Rcc2 Qd5 28. Qc4 Qxc4 29. bxc4 b5 30. Rb2 Rb6 31. Rb3 Rcb8 32. Rdb2 Kf8 33.
Ne2 Nd7 34. Nc3 bxc4 35. Rxb6 Rxb6 36. Rd2 cxd3 37. Rxd3 Ke7 38. Na4 Rb1+ 39. Kh2 Rc1 40. Kg3 c4 41. Rd4 Ne5 42. f4 Nd3 43. Nb6 Nb2 44.
Rd7+ Kf6 45. Nc8 g5 46. Nd6 gxf4+ 47. exf4 c3 48. Rxf7+ Kg6 49. Rc7 Na4 50. Ne8 h5 51. Kh4 Rd1 52. g4 hxg4 53. hxg4 Rh1+ 54. Kg3 Rg1+ 55.
Kf3 Rd1 56. Rg7+ Kh6 57. g5+ Kh5 58. Nf6+ Kh4 59. Rh7# 1-0

[Event "*** SCC Grand Prix: Titled Tuesday Blitz"]
[Site "Chess.com"]
[Date "2020.09.29"]
[Round "1"]
[White "BilodeauA"]
[Black "Thee-Chessboy"]
[Result "1-0"]
[WhiteElo "2880"]
[BlackElo "2425"]
[TimeControl "180+1"]
[EndTime "10:07:44 PDT"]
[Termination "BilodeauA won by resignation"]

1. d4 Nf6 2. Nc3 g6 3. e4 d6 4. f4 Bg7 5. Nf3 O-O 6. Bd3 Bg4 7. Be3 e5 8. h3 Bxf3 9. Qxf3 exd4 10.
Bxd4 Nc6 11. Be3 Nd7 12. O-O Re8 13. Rad1 Bxc3 14. bxc3 Qe7 15. Rfe1 Rad8 16. Bf2 Qf6 17. Bc4 Nb6 18. Bb3 Na5 19. g4 Nxb3 20. axb3 c5 21. c4 Nd7 22. g5 Qe7 23. Rd3 Nb8 24. h4 Nc6 25. h5 f6 26. Bh4 Nd4 27. Rxd4 cxd4 28. gxf6 Qf7 29. Qd3 gxh5 30. Qxd4 Kh8 31. Kf2 Rg8 32. Qd5 Qg6 33. f7 Qg2+ 34. Ke3 Qh3+ 35.
Kd4 Qxh4 36. fxg8=Q+ Rxg8 37. Rf1 Qh3 38. Rd1 Qf3 39.
Rd3 Qxf4 40. Kc3 Qf6+ 41. Kb4 Rd8 42. c3 Qe7 43. Ka3 h4 44. c5 Qg5 45. Qxg5 1-0

[Event "*** SCC Grand Prix: Titled Tuesday Blitz"]
[Site "Chess.com"]
[Date "2020.09.29"]
[Round "1"]
[White "Jadeit90"]
[Black "Margency"]
[Result "0-1"]
[WhiteElo "2320"]
[BlackElo "2642"]
[TimeControl "180+1"]
[EndTime "10:07:44 PDT"]
[Termination "Margency won by resignation"]

1. g3 Nf6 2. Bg2 g6 3. c4 Bg7 4. Nf3 d5 5. cxd5 Nxd5 6. O-O O-O 7. Nc3 Nb6 8. d3 Nc6 9. a4 a5 10. Be3 e5 11. Qd2 Re8 12. Bh6 Bh8 13. Rfc1 Nd4 14. Nxd4 exd4 15. Ne4 Nd5 16. Bg5 f6 17. Bh6 b6 18.
Rc4 c5 19. h4 Bg4 20. Bf3 Bxf3 21. exf3 f5 22. Ng5 Qf6 23. Rcc1 Ra7 24. Re1 Rae7 25.
Kg2 Qc6 26. Rxe7 Rxe7 27. Re1 Bf6 28. Rxe7 Nxe7 29. Qe2 Bxg5 30. Bxg5 Nd5 31. Qe5 Kf7 32. h5 Qe6 33. Qb8 gxh5 34. Qb7+ Kg6 35. Bh4 h6 36. Qb8 Nb4 37. Bd8 Nxd3 38. Bxb6 Ne1+ 39. Kf1 Nxf3 40. Bxc5 h4 41. Qf4 Qe4 42. Qxe4 fxe4 43. gxh4 d3 44.
b4 axb4 45. Bxb4 Nd4 46. a5 Nb5 47. a6 Kf5 48. Bc5 Nc7 49. Be3 Nxa6 50. Bxh6 Kg4 51.
Be3 Kxh4 52. Ke1 Kg4 53. Kd2 Kf3 54. Kc3 Nc7 55. Ba7 Nd5+ 56. Kd2 Nf6 57. Kc3 Ng4 58. Kd4 d2 0-1

[Event "*** SCC Grand Prix: Titled Tuesday Blitz"]
[Site "Chess.com"]
[Date "2020.09.29"]
[Round "1"]
[White "Nikolaj_6"]
[Black "ExtremeLearner"]
[Result "1-0"]
[WhiteElo "2584"]
[BlackElo "2277"]
[TimeControl "180+1"]
[EndTime "10:07:44 PDT"]
[Termination "Nikolaj_6 won by resignation"]

1. e4 c6 2. d4 d5 3. e5 Bf5 4. h4 h5 5. c4 e6 6. Nc3 dxc4 7. Bxc4 Ne7 8. Nge2 Ng6 9. Ng3 Nxh4 10. O-O Bg6 11.
Nge4 Nf5 12. Bg5 Be7 13. Bxe7 Qxe7 14. Qd2 Nd7 15. a4 Nb6 16. Bb3 Rd8 17. Ne2 Nd5 18.
N2g3 Nxg3 19. Nd6+ Rxd6 20. exd6 Ne4 21. Qa5 Nxd6 22. Bxd5 cxd5 23. Qxa7 O-O 24. a5 Qg5 25. Ra3 h4 26. Qc5 Ne4 27. Qc1 Nd2 28. Rd1 Be4 29.
f3 h3 30. Qxd2 Qxd2 31. Rxd2 Bf5 32. g4 Bg6 33. Rc3 Ra8 34. b4 f6 35. Kh2 Bf7 36.
Kxh3 e5 37. Rc5 Rd8 38. b5 e4 39. Kg3 g6 40. Kf4 Re8 41. Re2 e3 42. a6 bxa6 43. bxa6 Re6 44. Ra5 g5+ 45. Kg3 f5 46. gxf5 Re8 47. a7 1-0

[Event "*** SCC Grand Prix: Titled Tuesday Blitz"]
[Site "Chess.com"]
[Date "2020.09.29"]
[Round "1"]
[White "killer311"]
[Black "kuli4ik"]
[Result "1-0"]
[WhiteElo "2445"]
[BlackElo "2888"]
[TimeControl "180+1"]
[EndTime "10:07:45 PDT"]
[Termination "killer311 won on time"]

1. d4 e6 2. c4 Bb4+ 3. Nc3 Qe7 4. Bd2 Nf6 5. Nf3 Bxc3 6. Bxc3 Ne4 7. Qc2 Nxc3 8.
Qxc3 d6 9. e4 Nd7 10. Bd3 e5 11. d5 O-O 12. O-O a5 13. a3 a4 14. Bc2 Nc5 15.
Nd2 Bd7 16. f4 exf4 17. Rxf4 Rae8 18. Raf1 Qe5 19. Qxe5 Rxe5 20. Nf3 Re7 21. Nd2 f6 22. R4f3 Be8 23. Re3 Bg6 24. Rfe1 Rfe8 25. Nb1 Bxe4 26. Nc3 f5 27. Bxa4 Nxa4 28. Nxa4 Kf7 29. Nc3 Bd3 30. Rxe7+ Rxe7 31. Rxe7+ Kxe7 32. b3 b6 33. Nb5 Kd7 34.
Nd4 g5 35. Kf2 h6 36. Ke3 Bb1 37. g3 Ke7 38. h4 Kf6 39. Nb5 f4+ 40. gxf4 gxh4 41.
Nxc7 Ba2 42. Nb5 Bxb3 43. Nxd6 h3 44. Kf3 Ke7 45. Nf5+ Kf6 46. Ne3 Ba4 47. Kg3 Bd7 48. Nd1 Kf5 49. Nf2 h2 50. Kxh2 Kxf4 51. Nd3+ Ke4 52.
Nb4 Kd4 53. Nc6+ Kc5 54. Ne5 Ba4 55. Kg3 Kd4 56. Kf4 1-0

[Event "*** SCC Grand Prix: Titled Tuesday Blitz"]
[Site "Chess.com"]
[Date "2020.09.29"]
[Round "1"]
[White "lucachess49"]
[Black "OK97"]
[Result "0-1"]
[WhiteElo "2403"]
[BlackElo "2803"]
[TimeControl "180+1"]
[EndTime "10:07:46 PDT"]
[Termination "OK97 won on time"]

1. d4 Nf6 2. c4 c5 3. d5 b5 4. cxb5 a6 5. bxa6 g6 6. Nc3 Bg7 7. e4 O-O 8. Nf3 Qa5 9. Nd2 Bxa6 10. Bxa6 Qxa6 11. a4 e6 12. Nb5 Rc8 13. dxe6 fxe6 14. O-O Nc6 15. Nc4 d5 16. exd5 exd5 17. Ncd6 Rd8 18. Bg5 Nb4 19. Qf3 Rxd6 20. Nxd6 Qxd6 21. Bf4 Qd7 22. Be5 Ne4 23. Bxg7 Kxg7 24. a5 Ra6 25. Qf4 Rf6 26. Qb8 Na6 27. Qe5 Qe6 28. Qxe6 Rxe6 29.
Rfd1 d4 30. Re1 Kf7 31. f3 Nd6 32. Rxe6 Kxe6 33. Re1+ Kd5 34. b3 Nb4 35. Re7 d3 36. Kf2 Nf5 37. Rd7+ Kc6 38. Rxh7 Nd4 39. Rh6 Nbc2 40.
Rxg6+ Kb5 41. Rb6+ Kxa5 42. Rc6 Kb5 43. Rd6 d2 44.
Rxd4 Nxd4 0-1

[Event "*** SCC Grand Prix: Titled Tuesday Blitz"]
[Site "Chess.com"]
[Date "2020.09.29"]
[Round "1"]
[White "ApacheSVD"]
[Black "Guenplen"]
[Result "0-1"]
[WhiteElo "2424"]
[BlackElo "2873"]
[TimeControl "180+1"]
[EndTime "10:07:47 PDT"]
[Termination "Guenplen won by resignation"]

1. e4 c5 2. Nf3 e6 3. d4 cxd4 4. Nxd4 Nf6 5. Nc3 Nc6 6. Ndb5 Bc5 7. Nd6+ Ke7 8. Nxc8+ Rxc8 9. Bd3 Qc7 10. O-O h5 11. Bg5 Kf8 12. Qf3 Ng4 13. Bf4 Nce5 14. Qg3 h4 15.
Qxg4 Nxg4 16. Bxc7 Rxc7 17. h3 Ne5 18. Kh1 g5 19. Nb5 Rc8 20. b4 Bxb4 21. Nxa7 Ra8 22. Nb5 Ke7 23. Rab1 Bc5 24. Nc3 b6 25. Rb3 Nc6 26.
f4 gxf4 27. Rxf4 Ra5 28. Rb1 Bd4 29. Nb5 Be5 30. Rg4 Rxa2 31. Rf1 Bg3 32. Rg7 Ne5 33. Nc3 Ra3 34. Ne2 Rc8 35. Nxg3 hxg3 36. Kg1 Kd6 37.
Rh7 Nxd3 38. cxd3 Rxd3 39. Rhxf7 Ke5 40. R7f3 Rxf3 41. Rxf3 Rc1+ 42. Rf1 Rxf1+ 43. Kxf1 Kxe4 44. Ke2 d5 45. Kd2 e5 46. Ke2 d4 47. Kd2 b5 48.
Ke2 b4 49. Kd2 b3 50. Kc1 d3 51. Kb1 d2 0-1

[Event "*** SCC Grand Prix: Titled Tuesday Blitz"]
[Site "Chess.com"]
[Date "2020.09.29"]
[Round "1"]
[White "ClydeHillKid"]
[Black "Aborigen_came"]
[Result "0-1"]
[WhiteElo "2376"]
[BlackElo "2741"]
[TimeControl "180+1"]
[EndTime "10:07:47 PDT"]
[Termination "Aborigen_came won on time"]

1. e4 b6 2. d4 Bb7 3. Nc3 e6 4. Nf3 Bb4 5. Bd3 Nf6 6. e5 Ne4 7. Bd2 Bxc3 8. bxc3 d5 9. Qe2 Nxd2 10. Qxd2 Ba6 11.
Bxa6 Nxa6 12. O-O Nb8 13. a4 Nc6 14. Rab1 Na5 15. Qd3 Nc4 16. Nd2 Nxd2 17. Qxd2 Qd7 18. a5 O-O 19. a6 Rac8 20. f4 c5 21. Qd3 cxd4 22. cxd4 Rc4 23. f5 exf5 24. Rxf5 Rxd4 25. Rxf7 Qxf7 26. Qxd4 Rc8 27. Rf1 Qe6 28. Qf4 h6 29. Rf2 Kh7 30. h3 b5 31. Qf5+ Qxf5 32. Rxf5 Kg6 33. Rf3 Rc6 34. Rd3 Rc5 35. c3 Kf5 36.
Re3 Ke6 37. Kf2 Rc6 38. Rg3 g5 39. Rf3 Kxe5 40. Rf8 Rxa6 41. Rf7 Ra2+ 42. Kf3 Ra3 43. Rc7 b4 44. Kg4 bxc3 45. Kh5 d4 46. Kxh6 d3 47.
Kxg5 d2 48. h4 d1=Q 0-1

[Event "*** SCC Grand Prix: Titled Tuesday Blitz"]
[Site "Chess.com"]
[Date "2020.09.29"]
[Round "1"]
[White "Shota_Azaladze"]
[Black "CrazyMartian"]
[Result "1-0"]
[WhiteElo "2653"]
[BlackElo "2327"]
[TimeControl "180+1"]
[EndTime "10:07:47 PDT"]
[Termination "Shota_Azaladze won on time"]

1. Nf3 d5 2. g3 Nf6 3. Bg2 c6 4. O-O Bf5 5. d3 h6 6. Nbd2 e6 7.
c4 Nbd7 8. b3 Be7 9. Bb2 O-O 10.
Re1 Bh7 11. Rc1 a5 12. a3 Ne8 13. Qc2 Bf6 14. Bxf6 Ndxf6 15. Qb2 Nd6 16. c5 Nb5 17. e4 Nd7 18. b4 axb4 19. axb4 Ra4 20. Ra1 Rxa1 21.
Rxa1 Qc7 22. Bf1 b6 23. exd5 exd5 24. d4 bxc5 25. Bxb5 cxb5 26. dxc5 Bd3 27. Qd4 Bc4 28. Re1 Nf6 29. Nh4 Re8 30. Rxe8+ Nxe8 31. Nf5 Qd7 32. g4 h5 33. h3 hxg4 34. hxg4 Qe6 35. Kg2 g6 36.
Ne3 Nf6 37. f3 Nh7 38. Kf2 Ng5 39. Kg3 f6 40. f4 Nf7 41. f5 Qe5+ 42. Qxe5 Nxe5 43.
fxg6 Nxg6 44. Nf3 Ne5 45. Nd4 Nd3 46. c6 1-0

[Event "*** SCC Grand Prix: Titled Tuesday Blitz"]
[Site "Chess.com"]
[Date "2020.09.29"]
[Round "1"]
[White "atalz0"]
[Black "Gajuchess"]
[Result "0-1"]
[WhiteElo "2406"]
[BlackElo "2821"]
[TimeControl "180+1"]
[EndTime "10:07:48 PDT"]
[Termination "Gajuchess won on time"]

1. d4 Nf6 2. c4 e6 3. Nc3 Bb4 4. Qc2 b6 5. e4 c5 6. e5 cxd4 7. a3 Bf8 8. exf6 dxc3 9. Qxc3 Qxf6 10. Qxf6 gxf6 11. b3 Nc6 12. Bb2 Bg7 13. Ne2 Rg8 14. Nf4 f5 15. Bxg7 Rxg7 16. g3 Bb7 17. Bg2 Na5 18.
Bxb7 Nxb7 19. O-O-O Nc5 20. Kb2 Rc8 21. f3 Rc6 22.
Rhe1 Kd8 23. b4 Nb7 24. Kb3 Rc7 25. Rd2 Kc8 26. Red1 Rg8 27. Nh5 h6 28. Nf6 Rd8 29.
Rd4 d6 30. Rh4 b5 31. cxb5 d5 32. Rxh6 Nd6 33. a4 Kb7 34. Rh7 Rdc8 35. Rd3 Rc1 36. h4 Rb1+ 37. Ka3 Nc4+ 38. Ka2 Rb2+ 39. Ka1 Rxb4 40.
Rxf7+ Kb6 41. Nd7+ Ka5 42. Nf6 Rxa4+ 43. Kb1 Kxb5 44.
Rb3+ Kc6 45. Re7 Nd2+ 46. Kb2 Nxb3 47. Kxb3 Rc4 48. Rxe6+ Kc5 49. Nd7+ Kd4 50. Ra6 R8c7 51. Nf6 Rb7+ 52. Ka3 Rc3+ 53. Ka4 Rc1 0-1

[Event "*** SCC Grand Prix: Titled Tuesday Blitz"]
[Site "Chess.com"]
[Date "2020.09.29"]
[Round "1"]
[White "vovachesss"]
[Black "MariaFominykh"]
[Result "1-0"]
[WhiteElo "2683"]
[BlackElo "2348"]
[TimeControl "180+1"]
[EndTime "10:07:48 PDT"]
[Termination "vovachesss won on time"]

1. Nf3 Nf6 2. c4 g6 3. Nc3 Bg7 4. e4 d6 5. d4 Kf8 6. h3 Nc6 7. d5 Ne5 8. Nd4 c5 9. dxc6 Nxc6 10. Be3 Bd7 11. Be2 Rc8 12. O-O h5 13. f4 h4 14.
Rc1 Nh5 15. Bxh5 Rxh5 16. b3 Nxd4 17. Bxd4 Bxd4+ 18. Qxd4 Qb6 19. Qxb6 axb6 20. a4 e6 21. Rfd1 Ke7 22. Rd2 g5 23. f5 d5 24. cxd5 exf5 25.
e5 b5 26. axb5 Bxb5 27. Rdd1 Bd7 28. Kf2 g4 29. Ke3 gxh3 30. gxh3 f4+ 31. Kxf4 Bxh3 32. Nb5 Rf5+ 33. Ke4 Rf2 34. Rxc8 Bxc8 35. Nd6 Bg4 36. Rc1 h3 37. Nxb7 h2 38. d6+ Kf8 39. Ke3 Rc2 40.
Rh1 Rc3+ 41. Kf4 Bf3 42. Rxh2 Bxb7 43. Rh7 Bc6 44. b4 Rc4+ 45. Kg5 Rxb4 46. e6 1-0